 Dungeon Crawl Stone Soup version 0.28.0-53-g5a82cb258f (webtiles) character file.

Game seed: 16891268453326993211

6701 Godmorgon the Basher (level 10, -2/91 HPs)
             Began as a Minotaur Fighter on Aug 14, 2022.
             Was an Elder of Okawaru.
             Slain by a worldbinder (4 damage)
             ... on level 1 of the Abyss.
             The game lasted 00:47:03 (10371 turns).

Godmorgon the Basher (Minotaur Fighter)            Turns: 10371, Time: 00:47:04

Health: -2/91      AC: 20    Str: 29    XL:     10   Next: 74%
Magic:  21/22      EV:  9    Int:  5    God:    Okawaru [****..]
Gold:   680        SH:  6    Dex:  9    Spells: 9/9 levels left

rFire   + . .      SeeInvis .   O - +2 flail (protect)
rCold   + + .      Faith    +   c - +0 buckler
rNeg    . . .      Spirit   .   w - +0 plate armour
rPois   +          Reflect  .   E - +2 hat
rElec   +          Harm     .   M - +0 cloak
rCorr   +          Rampage  .   g - +0 pair of gloves
Will    .....                   Q - +1 pair of boots "Giewk" {MP+9 Str+3}
Stlth   ..........              m - amulet of faith
HPRegen 0.25/turn               K - ring of protection from cold
MPRegen 0.18/turn               (no ring)

@: resistant, heroic, corroded, invisible
A: horns 2, retaliatory headbutt
a: Renounce Religion, Heroism, Finesse


You were on level 1 of the Abyss.
You worshipped Okawaru.
Okawaru was greatly pleased with you.
You visited 2 branches of the dungeon, and saw 11 of its levels.
You visited the Abyss 1 time.

You collected 680 gold pieces.

Inventory:

Hand Weapons
 a - a +0 flail
 b - a +2 whip of freezing
 O - a +2 flail of protection (weapon)
Missiles
 i - 40 stones
 k - 36 poisoned darts
 t - 2 boomerangs (quivered)
 D - a curare-tipped dart
 I - 7 javelins
Armour
 c - a +0 buckler (worn)
 g - a +0 pair of gloves (worn)
 w - a +0 plate armour (worn)
 E - a +2 hat (worn)
 M - a +0 cloak (worn)
 Q - the +1 pair of boots "Giewk" (worn) {MP+9 Str+3}
   (Okawaru gifted it to you on level 8 of the Dungeon)

   Str:       It affects your strength (+3).
   MP:        It affects your magic capacity (+9).
Jewellery
 m - an amulet of faith (around neck)
 n - an amulet of reflection
 K - a ring of protection from cold (left hand)
 N - an amulet of guardian spirit
Wands
 y - a wand of polymorph (19)
 z - a wand of mindburst (6)
 F - a wand of flame (19)
 G - a wand of paralysis (7)
 H - a wand of iceblast (9)
Scrolls
 d - 3 scrolls of teleportation
 e - a scroll of noise {unknown}
 h - 4 scrolls of enchant weapon
 l - 3 scrolls of immolation
 q - 2 scrolls of enchant armour
 r - a scroll of holy word {unknown}
 s - a scroll of silence {unknown}
 A - a scroll of blinking {unknown}
 B - a scroll of vulnerability {unknown}
 J - a scroll of magic mapping {unknown}
Potions
 f - a potion of haste
 o - 5 potions of mutation
 p - a potion of might
 v - 2 potions of lignification
 x - a potion of invisibility
 C - a potion of curing
 L - a potion of brilliance {unknown}


   Skills:
 + Level 9.1(14.1) Fighting
 * Level 12.0(17.0) Maces & Flails
 - Level 6.0(11.0) Throwing
 + Level 9.1(14.1) Armour
 - Level 5.0(10.0) Shields
 + Level 5.4 Invocations


You had 9 spell levels left.
You didn't know any spells.
Your spell library was empty.

Dungeon Overview and Level Annotations

Branches:
Dungeon (10/15)            Temple (1/1) D:5            Lair (0/6) D:10
    Orc: D:9-12

Altars:
Ashenzari
Cheibriados
Dithmenos
Elyvilon
Fedhas
Gozag
Hepliaklqana
Kikubaaqudgha
Makhleb
Nemelex Xobeh
Okawaru
Qazlal
Ru
Sif Muna
Trog
Uskayaw
Vehumet
Wu Jian
Xom
Yredelemnul
Zin
The Shining One

Shops:
D:3 *(   D:7 =   D:9 *

Portals:
Bailey: D:10

Annotations:
D:10 Sonja


Innate Abilities, Weirdness & Mutations

You have a pair of horns on your head.
You reflexively headbutt those who attack you in melee.


Message History

You are confused.
You feel sick. The swamp drake barely misses you.
The goliath frog hits you from afar!
* * * LOW HITPOINT WARNING * * *
The acid corrodes you!
You are splashed with acid!
* * * LOW HITPOINT WARNING * * *
You're too confused to move!
You are engulfed in noxious fumes.
You choke on the stench!
You are more confused.
You feel sick.
The swamp drake disappears in a puff of smoke!
The worldbinder hits you but does no damage. x2
The swamp drake closely misses you. The worldbinder closely misses you.
The worldbinder hits you but does no damage.
The goliath frog completely misses you.
You are engulfed in noxious fumes.
You choke on the stench!
You are more confused.
You feel sick.
You are no longer poisoned.
The goliath frog disappears in a puff of smoke!
The worldbinder hits you but does no damage. x2
The swamp drake breathes poison at you.
The noxious blast engulfs you but does no damage.
You are poisoned.
You feel better.
The worldbinder calls forth creatures from the Swamp!
The swamp drake bites you!
* * * LOW HITPOINT WARNING * * *
The worldbinder hits you but does no damage. x2
You fade into invisibility!
The worldbinder hits you.
* * * LOW HITPOINT WARNING * * *
The worldbinder hits you.
* * * LOW HITPOINT WARNING * * *
The swamp drake barely misses you.
The bog body touches you but does no damage.
It was a potion of resistance.
You feel protected. The worldbinder hits you.
You die...

#... .. .. .
.....#.#... ..
...........
...#...... ..
.#.......#
..........#
..........##
........k..#
........@x##
..#....n#.......
...............
#.#.._..#......
....##.#.......
.#.# ...##..#..
#. ..#. ##.#. .
# .#


You could see a worldbinder, a bog body (summoned) and a swamp drake (summoned,
catching breath).

Vanquished Creatures
  Gastronok (D:8)
  Pikel (D:6)
  A troll (D:8)
  A wyvern (D:9)
  A wraith (D:10)
  Menkaure (D:7)
  3 water moccasins
  4 orc warriors
  4 ice beasts
  5 black bears
  3 necrophages
  2 sky beasts
  2 ogres
  3 centaurs
  4 kobold brigands
  A bullfrog (D:8)
  A scorpion (D:6)
  A water moccasin zombie (D:6)
  4 killer bees (D:8)
  11 wights
  A centaur zombie (D:7)
  A jelly (D:7)
  A bullfrog zombie (D:7)
  3 orc priests
  2 gnoll shamans
  5 hounds
  A bullfrog skeleton (D:6)
  A centaur skeleton (D:5)
  An iguana (D:4)
  Ijyb (D:4)
  6 orc wizards
  Robin (D:2)
  2 howler monkey skeletons
  17 gnolls
  10 adders
  A white imp (D:8)
  2 ufetubi
  3 worms
  5 dart slugs
  17 orcs
  7 endoplasms
  3 giant cockroaches
  19 goblins
  18 hobgoblins
  3 jackals (D:1)
  52 kobolds
  4 quokkas (D:1)
  9 ball pythons
  2 bats
  5 frilled lizards
  5 rats
262 creatures vanquished.

Notes
Turn   | Place    | Note
-------+----------+-------------------------------------------
     0 | D:1      | Godmorgon the Minotaur Fighter began the quest for the Orb.
     0 | D:1      | Reached XP level 1. HP: 19/19 MP: 0/0
   254 | D:1      | Reached XP level 2. HP: 25/27 MP: 1/1
   359 | D:1      | Reached skill level 3 in Maces & Flails
   978 | D:2      | Reached XP level 3. HP: 33/33 MP: 2/2
  1290 | D:2      | Reached XP level 4. HP: 31/40 MP: 3/3
  1497 | D:2      | Reached skill level 4 in Maces & Flails
  1519 | D:2      | Noticed Robin
  1541 | D:2      | Killed Robin
  1911 | D:2      | Found a sacrificial altar of Ru.
  2136 | D:3      | Reached skill level 1 in Throwing
  2240 | D:3      | Found Xiq Syi's Assorted Antiques.
  2248 | D:3      | Reached XP level 5. HP: 45/47 MP: 4/4
  2461 | D:3      | Found Ofajimih's Antique Weapon Shoppe.
  2658 | D:4      | Noticed an ogre
  2658 | D:4      | Noticed an ice beast
  2808 | D:3      | Killed an ice beast
  2809 | D:3      | Reached skill level 5 in Maces & Flails
  2809 | D:3      | Reached XP level 6. HP: 36/55 MP: 5/5
  3089 | D:4      | Noticed Ijyb
  3124 | D:4      | Killed Ijyb
  3499 | D:4      | Reached skill level 5 in Fighting
  3499 | D:4      | Reached skill level 5 in Armour
  3623 | D:4      | Reached skill level 5 in Shields
  4011 | D:5      | Entered Level 5 of the Dungeon
  4012 | D:5      | Found a staircase to the Ecumenical Temple.
  4023 | D:5      | Reached skill level 6 in Maces & Flails
  4023 | D:5      | Reached XP level 7. HP: 56/61 MP: 6/6
  4030 | Temple   | Entered the Ecumenical Temple
  4122 | Temple   | Became a worshipper of Warmaster Okawaru
  4491 | D:5      | Found a sacrificial altar of Ru.
  4733 | D:5      | Reached skill level 7 in Maces & Flails
  4966 | D:5      | Reached * piety under Okawaru
  4967 | D:5      | Reached XP level 8. HP: 58/70 MP: 7/7
  5447 | D:5      | Reached skill level 1 in Invocations
  5656 | D:5      | Reached skill level 8 in Maces & Flails
  5805 | D:6      | Noticed Pikel
  5959 | D:6      | Killed Pikel
  5959 | D:6      | Reached ** piety under Okawaru
  5960 | D:6      | Reached XP level 9. HP: 69/79 MP: 6/9
  6020 | D:6      | Reached skill level 9 in Maces & Flails
  6521 | D:6      | Reached skill level 5 in Throwing
  6758 | D:7      | Noticed Menkaure
  6762 | D:7      | Killed Menkaure
  6839 | D:7      | Reached *** piety under Okawaru
  7054 | D:7      | Reached skill level 10 in Maces & Flails
  7229 | D:7      | Found Yheyhulo's Jewellery Boutique.
  8320 | D:8      | Reached XP level 10. HP: 77/88 MP: 9/12
  8332 | D:8      | Reached **** piety under Okawaru
  8707 | D:8      | Noticed Gastronok
  9465 | D:9      | Received a gift from Okawaru
  9498 | D:9      | Reached skill level 11 in Maces & Flails
  9843 | D:8      | Killed Gastronok
  9843 | D:8      | Reached ***** piety under Okawaru
  9843 | D:8      | Identified the +1 pair of boots "Giewk" {MP+9 Str+3}
                  | (Okawaru gifted it to you on level 8 of the Dungeon)
  9843 | D:8      | Received a gift from Okawaru
  9844 | D:8      | Reached skill level 5 in Invocations
 10141 | D:9      | Found Weustug's Gadget Gallery.
 10206 | D:10     | Entered Level 10 of the Dungeon
 10215 | D:10     | Found a staircase to the Lair.
 10257 | D:10     | Reached skill level 12 in Maces & Flails
 10279 | D:10     | Found a flagged portal.
 10282 | D:10     | Noticed Sonja
 10299 | D:10     | Cast into level 1 of the Abyss (Sonja)
 10299 | Abyss:1  | Found a corrupted altar of Lugonu.
 10360 | Abyss:1  | Noticed a worldbinder
 10361 | Abyss:1  | Found a corrupted altar of Lugonu.
 10363 | Abyss:1  | Noticed a goliath frog
 10370 | Abyss:1  | Noticed a bog body
 10370 | Abyss:1  | HP: 4/91 [worldbinder (5)]
 10371 | Abyss:1  | Slain by a worldbinder

Illustrated notes

Levels and vault maps discovered:
D:1:      minmay_arrival_split_and_join, layout_loops_cross, minmay_cut_off
D:2:      layout_rooms, basic_altar, st_stairs_4, uniq_robin
D:3:      layout_rooms, serial_shops, nicolae_shop_statue_plus, shop
D:4:      layout_loops_corners, minivault_11, hangedman_decor_push,
          minmay_fractal_squares_diagonal_5, uniq_ijyb
D:5:      minmay_goblin_kobold_castle, layout_rooms,
          nicolae_ru_the_path_less_chosen, minmay_temple_entry_glass,
          lemuel_flamethrower_1
D:6:      layout_cave_pools, uniq_pikel
D:7:      layout_basic, nicolae_stop_n_shop_1, uniq_menkaure
D:8:      layout_loops_cross, uniq_gastronok
D:9:      layout_rooms, nicolae_shop_gadgets
D:10:     layout_big_octagon, lair_entry_dummy, enter_bailey_5, uniq_sonja
Temple:   mainiacjoe_temple_circle_huts
Abyss:1:  base:
D:9

Skill      XL: |  1  2  3  4  5  6  7  8  9 10 |
---------------+-------------------------------+-----
Maces & Flails | 3 4 5 6 7 8 10 12 | 12.0
Fighting       | 4 5 6 7 8 9 |  9.1
Shields        | 4 5 |  5.0
Armour         | 4 5 6 7 8 9 |  9.1
Throwing       | 1 2 3 4 5 6 |  6.0
Invocations    | 2 4 5 |  5.4

Action                   |  1- 3 |  4- 6 |  7- 9 | 10-12 || total
-------------------------+-------+-------+-------+-------++-------
Melee: Flail             |    96 |   173 |   309 |   129 ||   707
       Headbutt          |     7 |    23 |    59 |    29 ||   118
       Unarmed           |       |    21 |       |       ||    21
       Whip              |       |       |    14 |       ||    14
Throw: Dart              |       |    10 |    11 |    10 ||    31
       Boomerang         |       |       |     7 |    21 ||    28
Invok: Heroism           |       |       |     7 |     6 ||    13
       Finesse           |       |       |       |     1 ||     1
Evoke: Wand              |       |       |     4 |       ||     4
  Use: Potion            |       |     1 |       |     4 ||     5
       Scroll            |       |       |     7 |     3 ||    10
Armor: Scale mail        |    35 |    64 |   118 |    13 ||   230
       Plate armour      |       |       |       |    61 ||    61
Dodge: Dodged            |    48 |    65 |   119 |    53 ||   285
Block: Buckler           |    18 |    82 |   128 |    29 ||   257
       Reflection        |       |     2 |     7 |       ||     9
       Other             |       |     4 |       |       ||     4
